 Dungeon Crawl Stone Soup version 0.30-a0-358-g0d69a1922f (webtiles) character file.

Game seed: 3263820580975227393

3136 hikkokomori the Grappler (level 9, -2/82 (89) HPs)
             Began as a Troll Fighter on Nov 9, 2022.
             Slain by Pikel
             ... wielding a +0 whip of electrocution
              (18 damage)
             ... on level 7 of the Dungeon.
             The game lasted 00:08:04 (5655 turns).

hikkokomori the Grappler (Troll Fighter)            Turns: 5655, Time: 00:08:05

HP:   -2/82 (89)    AC:  4    Str: 26    XL:     9   Next: 61%
MP:   8/8           EV:  8    Int:  8    God:
Gold: 317           SH:  8    Dex:  9    Spells: 8/8 levels left

rFire   + . .      SeeInvis .      - Unarmed
rCold   x . .      Faith    .    b - +0 kite shield
rNeg    . . .      Spirit   .    a - +0 robe
rPois   +          Reflect  .    (helmet restricted)
rElec   .          Harm     .    (no cloak)
rCorr   .          Rampage  .    (gloves unavailable)
Will    .....                    (boots unavailable)
Stlth   +.........               (no amulet)
HPRegen 1.13/turn                e - ring of fire
MPRegen 0.11/turn                g - ring of poison resistance

@: mighty, studying Armour, drained
A: large, unfitting armour, claws 3, regeneration 1, shaggy fur 1, tough skin 1
a: no special abilities


You were on level 7 of the Dungeon.
You visited 1 branch of the dungeon, and saw 7 of its levels.

You collected 317 gold pieces.

Inventory:

Hand Weapons
 j - the +8 rapier of Income {holy, rElec rPois Str+6}
   (You found it on level 2 of the Dungeon)

   It has been blessed by the Shining One to cause great damage to the undead
   and demons.
   Str:       It affects your strength (+6).
   rElec:     It insulates you from electricity.
   rPois:     It protects you from poison.
 E - the +4 dagger "Morg" {pain, Will+ Int+5}
   (You found it on level 5 of the Dungeon)

   In the hands of one skilled in necromantic magic, it inflicts extra damage on
   living creatures.
   Int:       It affects your intelligence (+5).
   Will:      It increases your willpower.
Missiles
 k - 5 throwing nets (quivered)
 I - 2 atropa-tipped darts
 J - 6 javelins
Armour
 a - a +0 robe (worn)
 b - a +0 kite shield (worn)
Jewellery
 e - a ring of fire (left claw)
 g - a ring of poison resistance (right claw)
 u - a +4 ring of protection
 D - a ring of fire
 F - an amulet of guardian spirit
Wands
 q - a wand of paralysis (14)
 r - a wand of polymorph (7)
 t - a wand of iceblast (14)
 z - a wand of flame (13)
Scrolls
 d - 7 scrolls of identify
 f - a scroll of vulnerability {unknown}
 h - 2 scrolls of blinking {unknown}
 i - 4 scrolls of teleportation
 m - 2 scrolls of amnesia {unknown}
 n - a scroll of torment {unknown}
 s - a scroll of fog {unknown}
 x - a scroll of magic mapping {unknown}
 y - a scroll of immolation {unknown}
 C - 3 scrolls of noise {unknown}
Potions
 c - a potion of might
 l - 2 potions of attraction {unknown}
 o - a potion of heal wounds
 p - 3 potions of lignification {unknown}
 v - a potion of resistance {unknown}
 w - a potion of degeneration {unknown}
 A - 2 potions of magic {unknown}
 B - 2 potions of ambrosia {unknown}
 G - 2 potions of curing {unknown}
 H - a potion of brilliance {unknown}


   Skills:
 + Level 6.1 Fighting
 - Level 2.4 Dodging
 + Level 6.8 Shields
 * Level 9.9 Unarmed Combat


You had 8 spell levels left.
You didn't know any spells.
Your spell library contained the following spells:

 Spells                   Type           Power      Damage    Failure   Level
 Apportation              Tloc           0%         N/A       65%         1
 Necrotise                Necr           0%         1d4       65%         1
 Summon Small Mammal      Summ           0%         N/A       65%         1
 Call Canine Familiar     Summ           0%         N/A       95%         3
 Summon Guardian Golem    Hex/Summ       0%         N/A       95%         3
 Vampiric Draining        Necr           0%         2d6       95%         3
 Agony                    Necr           0%         N/A       100%        5
 Alistair's Intoxication  Tmut/Pois      0%         N/A       100%        5


Dungeon Overview and Level Annotations

Branches:
Dungeon (7/15)
 Temple: D:4-7

Altars:
Dithmenos
Fedhas
Kikubaaqudgha
Qazlal
Ru
The Shining One

Annotations:
D:7 Pikel


Innate Abilities, Weirdness & Mutations

You are too large for most types of armour.
You have claws for hands.
Your natural rate of healing is unusually fast.
You are covered in fur. (AC +1)
You have tough skin. (AC +1)


Message History

You open the door.
There is an open door here.
There is an open door here.
There is an open door here.
There is an open door here.
There is a stone staircase leading down here.
p - 3 viscous cyan potions (gained 1)
Found a ring mail.
d - 7 scrolls of identify (gained 1)
G - 2 bubbling puce potions (gained 1)
You now have 317 gold pieces (gained 15).
Pikel and 2 lemures come into view.
Pikel is wielding a +0 whip of electrocution.
Pikel shouts!
The lemure shouts! x2
A lemure comes into view.
There are monsters nearby!
There are monsters nearby!
A lemure comes into view.
Pikel hits you with a +0 whip of electrocution.
You are electrocuted!!
You barely miss Pikel.
Pikel hits you with a +0 whip of electrocution!
You are electrocuted!!
You are too injured to fight recklessly!
You are too injured to fight recklessly!
Unknown command.
You feel very mighty all of a sudden. The lemure hits you!
Pikel closely misses you.
You completely miss Pikel. You block the lemure's attack.
Pikel says, "You'll make a fine lemure."
Pikel hits you with a +0 whip of electrocution!
* * * LOW HITPOINT WARNING * * *
You are electrocuted!
* * * LOW HITPOINT WARNING * * *
Unknown command.
You feel much better. You block the lemure's attack.
Pikel hits you with a +0 whip of electrocution!
* * * LOW HITPOINT WARNING * * *
You are electrocuted!!
You die...

##### #########
####....###.......## .
.......#.#.#.....#.# ..
.# #.#..#..#...#..# .#
.# ##...#...#.#...#...
.# #..................
.# ##...#...#.55#.#.
.#####.....#..#.@#...#
.......##...#.#.#K....#
#.##.####....###.......#
#.#.....+##### ########
..#..#### ###..# .)...#
...... ###'##


You could see Pikel and 2 lemures.

Vanquished Creatures
  Prince Ribbit (D:5)
  A wraith (D:5)
  A wyvern (D:4)
  An ice beast (D:7)
  3 black bears
  An ogre (D:6)
  2 centaurs
  2 phantoms (D:5)
  A kobold brigand (D:7)
  3 necrophages
  A scorpion (D:5)
  3 bullfrogs
  A spectral water moccasin (D:5)
  A gnoll sergeant (D:5)
  9 wights
  A howler monkey (D:6)
  2 jellies (D:6)
  A hound (D:6)
  3 centaur zombies (D:5)
  A human zombie (D:5)
  2 centaur skeletons (D:5)
  Terence (D:2)
  A scorpion zombie (D:5)
  4 iguanas
  A spectral hound (D:5)
  9 gnolls
  14 adders
  2 shadow imps
  3 white imps
  2 ufetubi
  A worm (D:3)
  3 dart slugs
  7 orcs
  8 ball pythons
  5 endoplasms
  4 giant cockroaches
  5 goblins
  7 hobgoblins
  8 jackals
  7 quokkas
  7 bats
  4 frilled lizards
  10 kobolds
  3 rats
157 creatures vanquished.

Vanquished Creatures (others)
  12 withered plants (D:5)
12 creatures vanquished.

Grand Total: 169 creatures vanquished

Notes
Turn   | Place    | Note
-------+----------+-------------------------------------------
     0 | D:1      | hikkokomori the Troll Fighter began the quest for the Orb.
     0 | D:1      | Reached XP level 1. HP: 22/22 MP: 0/0
   650 | D:1      | Reached XP level 2. HP: 27/29 MP: 1/1
   880 | D:2      | Identified the +8 rapier of Income {holy, rElec rPois
                  | Str+6}
   934 | D:2      | Reached XP level 3. HP: 29/36 MP: 2/2
   975 | D:2      | Noticed Terence
   987 | D:2      | Killed Terence
   988 | D:2      | Reached skill level 3 in Unarmed Combat
  1042 | D:2      | Reached XP level 4. HP: 44/44 MP: 3/3
  1460 | D:2      | Reached XP level 5. HP: 53/53 MP: 4/4
  1470 | D:2      | Reached skill level 4 in Unarmed Combat
  2625 | D:4      | Noticed a wyvern
  2637 | D:4      | Killed a wyvern
  2638 | D:4      | Reached XP level 6. HP: 21/61 MP: 5/5
  2774 | D:4      | Reached skill level 5 in Unarmed Combat
  3244 | D:4      | Reached XP level 7. HP: 55/68 MP: 6/6
  3595 | D:5      | Entered Level 5 of the Dungeon
  3695 | D:5      | Reached skill level 6 in Unarmed Combat
  3766 | D:5      | Noticed Prince Ribbit
  3774 | D:5      | Killed Prince Ribbit
  3854 | D:5      | Reached skill level 5 in Shields
  3864 | D:5      | Reached XP level 8. HP: 35/79 MP: 7/7
  3969 | D:5      | Found a blossoming altar of Fedhas.
  4001 | D:5      | Reached skill level 7 in Unarmed Combat
  4030 | D:5      | Found the +4 dagger "Morg" {pain, Will+ Int+5}
  4090 | D:5      | Reached skill level 5 in Fighting
  4303 | D:5      | Reached skill level 8 in Unarmed Combat
  4371 | D:5      | Reached XP level 9. HP: 86/88 MP: 8/8
  4392 | D:5      | Found an ancient bone altar of Kikubaaqudgha.
  4562 | D:6      | Found a stormy altar of Qazlal.
  4597 | D:6      | Reached skill level 9 in Unarmed Combat
  4650 | D:6      | Found a shadowy altar of Dithmenos.
  4951 | D:6      | Found a sacrificial altar of Ru.
  5405 | D:7      | Found a glowing golden altar of the Shining One.
  5649 | D:7      | Noticed Pikel
  5654 | D:7      | HP: 2/82 [Pikel/+0 whip of electrocution (16)]
  5655 | D:7      | Slain by Pikel

Illustrated notes

Levels and vault maps discovered:
D:1:      dpeg_arrival_simpleton_c, layout_loops_corners
D:2:      layout_basic, minmay_tromino_i4, uniq_terence
D:3:      layout_basic, kennysheep_generic_room_12
D:4:      layout_loops_corners
D:5:      lemuel_ice_spiral_2, layout_rooms,
          lemuel_mausoleum_altar_kikubaaqudgha, fedhas_altar_2,
          dilly_guarded_unrand_morg, uniq_prince_ribbit1
D:6:      layout_cave_pods, nicolae_dithmenos_through_a_glass_darkly,
          nicolae_qazlal_style_of_elements, mainiacjoe_overflow_brackets
D:7:      layout_basic, mainiacjoe_overflow_24_doors, minmay_temple_entry_ruins,
          hangedman_decor_diamond_cutter, minmay_manual_monstrance,
          uniq_crazy_yiuf_cottage, uniq_pikel

Skill      XL: |  1  2  3  4  5  6  7  8  9 |
---------------+----------------------------+-----
Shields        | 3 4 5 6 |  6.8
Unarmed Combat | 3 4 5 6 8 9 |  9.9
Fighting       | 3 4 5 6 |  6.1
Dodging        | |  2.4

Action                   |  1- 3 |  4- 6 |  7- 9 || total
-------------------------+-------+-------+-------++-------
Melee: Unarmed           |    76 |   177 |   271 ||   524
Throw: Throwing net      |       |     2 |       ||     2
Evoke: Wand              |       |     1 |       ||     1
  Use: Scroll            |       |       |     2 ||     2
       Potion            |       |       |     3 ||     3
 Stab: Held in net/web   |       |     1 |       ||     1
       Sleeping          |       |     1 |       ||     1
Armor: Robe              |    19 |    51 |    75 ||   145
Dodge: Dodged            |    20 |    62 |    96 ||   178
Block: Kite shield       |    25 |    48 |   141 ||   214

Table legend: (Time is in decaauts)
 A = Elapsed time spent in this place.
 B = Non-inter-level travel time spent in this place.
 C = Inter-level travel time spent in this place.
 D = Time resting spent in this place.
 E = Time spent auto-exploring this place.
 F = Levels seen in this place.
 G = Mean time per level.
                   A        B        C        D        E       F      G
               +--------+--------+--------+--------+--------+-----+--------+
         Total |   5668 |   5325 |    343 |    163 |   4120 |   7 |  809.7 |
       Dungeon |   5668 |   5325 |    343 |    163 |   4120 |   7 |  809.7 |
               +--------+--------+--------+--------+--------+-----+--------+

Top non-repeatable levels by time:
     D:4: 977 daAuts
     D:6: 899 daAuts
     D:5: 888 daAuts
     D:2: 881 daAuts
     D:1: 878 daAuts
     D:3: 872 daAuts
     D:7: 271 daAuts
